 Dungeon Crawl Stone Soup version 0.27.1-4-g1640c2035a (webtiles) character file.

Game seed: 17749728167915602340

2789 cdecastro the Spear-Bearer (level 9, -2/74 HPs)
             Began as a Demonspawn Gladiator on Oct 31, 2021.
             Was an Initiate of Gozag.
             Slain by a skeletal warrior (26 damage)
             ... on level 7 of the Dungeon on Nov 1, 2021.
             The game lasted 00:15:54 (8388 turns).

cdecastro the Spear-Bearer (Demonspawn Gladiator)   Turns: 8388, Time: 00:15:55

Health: -2/74      AC:  9    Str: 15    XL:     9   Next: 43%
Magic:  9/9        EV: 11    Int: 11    God:    Gozag
Gold:   1045       SH:  4    Dex: 16    Spells: 8/8 levels left

rFire    . . .     SeeInvis .   a - +2 halberd (vorpal)
rCold    . . .     Faith    .   (shield currently unavailable)
rNeg     . . .     Spirit   .   m - +0 ring mail
rPois    .         Reflect  .   (helmet unavailable)
rElec    .         Harm     .   (no cloak)
rCorr    .         Rampage  .   w - +0 pair of gloves
Will     .....                  o - +0 pair of boots
Stlth    +.........             (no amulet)
HPRegen  0.22/turn              (no ring)
MPRegen  0.11/turn              (no ring)

@: gold aura
A: horns 3, molten scales 1, condensation shield
a: Renounce Religion, Potion Petition, Call Merchant, Bribe Branch


You were on level 7 of the Dungeon.
You worshipped Gozag.
Gozag was most pleased with you.
You visited 1 branch of the dungeon, and saw 7 of its levels.

You collected 1045 gold pieces.

Inventory:

Hand Weapons
 a - a +2 vorpal halberd (weapon)
 b - a +2 vorpal shortbow
 I - a +0 hunting sling
 M - a +0 trident
Missiles
 d - 3 throwing nets (quivered)
 e - 216 stones
 h - 55 sling bullets
 l - 87 arrows
 r - 52 bolts
 D - 25 poisoned darts
 G - 8 boomerangs
 L - a curare-tipped dart
Armour
 c - a +0 helmet
 m - a +0 ring mail (worn)
 o - a +0 pair of boots (worn)
 w - a +0 pair of gloves (worn)
 H - a +0 scale mail
 J - a +0 chain mail
Magical Staves
 K - a staff of death
Jewellery
 i - a ring of willpower
Wands
 B - a wand of iceblast (6)
 C - a wand of mindburst (15)
Scrolls
 g - 4 scrolls of noise
 j - 2 scrolls of blinking
 k - a scroll of amnesia
 n - 2 scrolls of teleportation {unknown}
 s - a scroll of immolation {unknown}
 v - 2 scrolls of identify {unknown}
 x - 2 scrolls of torment {unknown}
 y - a scroll of holy word {unknown}
 E - 2 scrolls of enchant weapon {unknown}
 F - a scroll of fear {unknown}
Potions
 f - a potion of mutation {unknown}
 p - 4 potions of lignification {unknown}
 q - 3 potions of heal wounds {unknown}
 t - a potion of curing {unknown}
 u - 2 potions of berserk rage {unknown}
 z - a potion of brilliance {unknown}
 A - 3 potions of degeneration {unknown}


   Skills:
 + Level 8.1 Fighting
 - Level 10.0 Polearms
 - Level 1.7 Throwing
 - Level 2.6 Dodging


You had 8 spell levels left.
You didn't know any spells.
Your spell library contained the following spells:

 Spells                   Type           Power      Damage    Failure   Level
 Sandblast                Erth           0%         2d4       56%         1
 Passwall                 Tmut/Erth      0%         N/A       71%         2
 Lee's Rapid Deconstruct  Erth           0%         3d5*      100%        5
 Malign Gateway           Summ/Tloc      0%         N/A       100%        7
 Summon Horrible Things   Summ           0%         N/A       100%        8


Dungeon Overview and Level Annotations

Branches:
Dungeon (7/15)             Temple (0/1) D:5

Altars:
Dithmenos
Elyvilon
Gozag
Okawaru
Ru
Vehumet
Xom
The Shining One

Shops:
D:2 (

Annotations:
D:5 2 transporters, OstrichLN's ghost, novice FoFi
D:7 1 runed translucent door, styxcanada's ghost, novice SpBr


Innate Abilities, Weirdness & Mutations

You have a pair of large horns on your head.
You are partially covered in molten scales. (AC +2)
A meltable shield of frost defends you. (SH +4)


Message History

The gnoll shaman calls upon its god to heal the gnoll.
The gnoll is healed somewhat.
The gnoll hits you from afar with a +0 spear.
You slash the gnoll shaman!
The gnoll shaman is severely wounded.
The gnoll shaman calls upon its god to heal the gnoll.
The gnoll's wounds heal themselves!
The gnoll barely misses you.
Reach: a) +2 halberd (vorpal)
Press: ? - help, Dir - move target, f - skeletal warrior, p - gnoll shaman
Aim: a skeletal warrior, wielding a +0 flail (about 34% to evade your +2 vorpal halberd)
The gnoll shaman is in the way.
You hit the gnoll shaman. Your headbutt misses the gnoll shaman.
The gnoll shaman is almost dead.
You block the gnoll shaman's attack. You block the gnoll's attack.
Reach: a) +2 halberd (vorpal)
Press: ? - help, Dir - move target, f/p - skeletal warrior
Aim: a skeletal warrior, wielding a +0 flail (about 34% to evade your +2 vorpal halberd)
The gnoll shaman is in the way.
You puncture the gnoll shaman!
You kill the gnoll shaman!
The gnoll hits you from afar with a +0 spear.
You hit the skeletal warrior but do no damage.
You headbutt the skeletal warrior!
The skeletal warrior is lightly damaged.
You block the gnoll's attack.
The skeletal warrior hits you with a +0 flail!
You hit the skeletal warrior but do no damage.
The skeletal warrior is lightly damaged.
The gnoll barely misses you.
The skeletal warrior hits you with a +0 flail!!
* * * LOW HITPOINT WARNING * * *
You completely miss the skeletal warrior.
You headbutt the skeletal warrior!
The skeletal warrior is moderately damaged.
The gnoll barely misses you. The skeletal warrior barely misses you.
You hit the skeletal warrior.
The skeletal warrior is moderately damaged.
The gnoll hits you but does no damage.
The skeletal warrior hits you with a +0 flail!!
You die...
Your body crumbles into a pile of gold.

...........#.8...8.#...#######
...........##.....###.(......#
............###.###...##.#K###
............# #..........KK..#
............###......#####.5.#
..............g....# ......#
#........# #gg..# ..# #KK#
#..)....# #z### .... K.#
#.<....## #@#.#... .#
#......#####.#.#.##### #
#####)#..................
#.........#####...######.
#.........####....###
#.........#..)......##
#...........#)........#
#..........##.......#.#
#..........##.......# #


You could see a skeletal warrior and 3 gnolls.

Vanquished Creatures
  Grinder (D:6)
  Sigmund (D:5)
  Menkaure (D:6)
  Edmund (D:6)
  A water moccasin (D:5)
  A black bear (D:7)
  3 ogres
  A necrophage (D:5)
  A centaur (D:6)
  2 phantoms
  3 kobold brigands
  4 scorpions
  A wyvern zombie (D:6)
  A water moccasin zombie (D:5)
  A wyvern skeleton (D:7)
  2 water moccasin skeletons
  4 wights (D:7)
  A centaur zombie (D:7)
  2 hounds
  A bullfrog skeleton (D:5)
  3 gnoll shamans
  2 orc priests (D:5)
  3 iguanas
  A hound zombie (D:5)
  A howler monkey zombie (D:6)
  4 adders
  7 gnolls
  A white imp (D:6)
  2 ufetubi
  2 adder skeletons (D:4)
  A worm (D:3)
  3 dart slugs
  11 orcs
  8 bats
  4 endoplasms
  12 giant cockroaches
  8 goblins
  3 hobgoblins
  3 jackals (D:1)
  5 quokkas
  8 ball pythons
  4 frilled lizards
  A jackal skeleton (D:4)
  22 kobolds
  9 rats
161 creatures vanquished.

Vanquished Creatures (others)
  7 toadstools (D:7)
7 creatures vanquished.

Grand Total: 168 creatures vanquished

Notes
Turn   | Place    | Note
-------+----------+-------------------------------------------
     0 | D:1      | cdecastro the Demonspawn Gladiator began the quest for the
                  | Orb.
     0 | D:1      | Reached XP level 1. HP: 16/16 MP: 1/1
    74 | D:1      | Reached skill level 3 in Polearms
    89 | D:1      | Gained mutation: You are partially covered in molten
                  | scales. (AC +2) [demonic ancestry]
    89 | D:1      | Reached XP level 2. HP: 22/22 MP: 2/2
   783 | D:1      | Reached XP level 3. HP: 23/27 MP: 3/3
   929 | D:2      | Found a faded altar of an unknown god.
   973 | D:2      | Became a worshipper of Gozag Ym Sagoz the Greedy
  1120 | D:2      | Reached skill level 4 in Polearms
  1585 | D:2      | Found Hanum's Antique Weapon Shop.
  1883 | D:3      | Gained mutation: You have a pair of small horns on your
                  | head. [demonic ancestry]
  1883 | D:3      | Reached XP level 4. HP: 27/33 MP: 4/4
  2378 | D:3      | Found a sacrificial altar of Ru.
  2505 | D:4      | Noticed a necrophage
  2815 | D:4      | Noticed a phantom
  2836 | D:4      | Killed a phantom
  2837 | D:4      | Reached skill level 5 in Polearms
  2837 | D:4      | Gained mutation: A meltable shield of frost defends you.
                  | (SH +4) [demonic ancestry]
  2837 | D:4      | Reached XP level 5. HP: 30/38 MP: 5/5
  3010 | D:4      | Reached skill level 6 in Polearms
  3469 | D:4      | Gained mutation: You have a pair of horns on your head.
                  | [demonic ancestry]
  3469 | D:4      | Reached XP level 6. HP: 37/44 MP: 6/6
  3913 | D:5      | Entered Level 5 of the Dungeon
  4046 | D:5      | Noticed Sigmund
  4172 | D:5      | Killed Sigmund
  4173 | D:5      | Reached skill level 7 in Polearms
  4173 | D:5      | Gained mutation: You have a pair of large horns on your
                  | head. [demonic ancestry]
  4173 | D:5      | Reached XP level 7. HP: 50/50 MP: 7/7
  4563 | D:5      | Noticed OstrichLN's ghost (novice FoFi)
  4564 | D:5      | Found a transporter.
  4564 | D:5      | Found a transporter.
  4703 | D:5      | Reached skill level 8 in Polearms
  4842 | D:5      | Found a staircase to the Ecumenical Temple.
  5052 | D:5      | Reached skill level 9 in Polearms
  5052 | D:5      | Reached XP level 8. HP: 23/56 MP: 8/8
  5473 | D:5      | Found a shimmering altar of Xom.
  5573 | D:5      | Found a radiant altar of Vehumet.
  6188 | D:6      | Reached skill level 10 in Polearms
  6342 | D:6      | Found a shadowy altar of Dithmenos.
  6429 | D:6      | Noticed Menkaure
  6722 | D:6      | Killed Menkaure
  6737 | D:6      | Noticed Edmund
  6761 | D:6      | Killed Edmund
  6840 | D:6      | Found an iron altar of Okawaru.
  6966 | D:6      | Noticed Grinder
  6966 | D:6      | Paralysed by Grinder for 2 turns
  6985 | D:6      | Killed Grinder
  6986 | D:6      | Reached skill level 5 in Fighting
  7429 | D:7      | Reached XP level 9. HP: 69/69 MP: 9/9
  7469 | D:7      | Found a runed translucent door.
  7469 | D:7      | Found a shimmering altar of Xom.
  7469 | D:7      | Noticed a +2 short sword of chaos
  7469 | D:7      | Noticed styxcanada's ghost (novice SpBr)
  7767 | D:7      | Found an opulent altar of Gozag.
  7812 | D:7      | Noticed a skeletal warrior
  8388 | D:7      | Slain by a skeletal warrior

Illustrated notes

Levels and vault maps discovered:
D:1:      grunt_arrival_crossed_arrows, layout_basic, serial_rivers,
          chequers_serial_rivers_small_3, chequers_serial_rivers_small_b,
          chequers_serial_rivers_micro_b, chequers_serial_rivers_micro_a,
          chequers_serial_rivers_micro_d
D:2:      layout_basic, serial_shops, shop_fountains,
          shapermc_ecumenical_altar_notcrosses
D:3:      minmay_roachtagon, layout_loops_ring, nicolae_ru_the_path_less_chosen,
          general_overflow_altar
D:4:      layout_loops_ring, serial_glass, glass_columns_a, glass_columns_c,
          eino_small_chamber_without_monster, dk_noncrumbling_4,
          chequers_serial_rivers_small_3, wad_rectangle_vault
D:5:      layout_gridville, lemuel_coloured_pillars_altar, xom_teletrap_fun,
          minmay_temple_entry_stoned_glass, gammafunk_ghost_arena, uniq_sigmund
D:6:      layout_rooms, kennysheep_little_box, nicolae_overflow_crystal_walls,
          mainiacjoe_overflow_concentric_impassable, uniq_grinder, uniq_edmund,
          uniq_menkaure
D:7:      cheibrodos_fertilizer, layout_rooms, tgw_trog, grunt_gozag_statues,
          ebering_ghost_xom, minmay_microvault

Skill      XL: |  1  2  3  4  5  6  7  8  9 |
---------------+----------------------------+-----
Polearms       | 3 4 5 6 7 9 10 | 10.0
Fighting       | 5 8 |  8.1
Throwing       | |  1.7
Dodging        | |  2.6

Action                   |  1- 3 |  4- 6 |  7- 9 || total
-------------------------+-------+-------+-------++-------
Melee: Trident           |   121 |   160 |   346 ||   627
       Headbutt          |       |    27 |    64 ||    91
       Halberd           |       |       |    11 ||    11
 Fire: Hunting sling     |     2 |     6 |       ||     8
       Shortbow          |       |       |     4 ||     4
  Use: Scroll            |       |     3 |       ||     3
 Stab: Sleeping          |     2 |       |       ||     2
       Distracted        |       |     1 |     2 ||     3
Armor: Leather armour    |    30 |       |       ||    30
       Ring mail         |     2 |    53 |    81 ||   136
Dodge: Dodged            |    67 |    71 |   130 ||   268
Block: Other             |       |    12 |    47 ||    59
